 Dungeon Crawl Stone Soup version 0.21.0-3-g78d12a8 (webtiles) character file.

1183 Monsterracer the Chopper (level 8, -1/62 HPs)
             Began as a Formicid Abyssal Knight on Jan 12, 2018.
             Was an Elder of Lugonu.
             Slain by Menkaure (14 damage)
             ... on level 5 of the Dungeon.
             The game lasted 00:09:01 (8354 turns).

Monsterracer the Chopper (Formicid Abyssal Knight)  Turns: 8354, Time: 00:09:01

Health: -1/62      AC: 10    Str: 22    XL:     8   Next: 70%
Magic:  11/11      EV: 12    Int: 11    God:    Lugonu [****..]
Gold:   224        SH:  0    Dex: 10    Spells: 7/7 levels left

rFire    . . .     SeeInvis +   a - +0 war axe
rCold    . . .     Gourm    .   (no shield)
rNeg     + . .     Faith    .   o - +1 ring mail "Ajiewofe" {-Tele rPois rN+ Str+2}
rPois    +         Spirit   .   (helmet unavailable)
rElec    .         Reflect  .   (no cloak)
rCorr    .         Harm     .   g - +2 pair of gloves
MR       .....                  (no boots)
Stlth    +.........             (no amulet)
HPRegen  0.20/turn              f - ring of stealth
MPRegen  0.12/turn              (no ring)

@: no status effects
A: permanent stasis, dig shafts and tunnels, four strong arms, antennae 3
a: Dig, Shaft Self, Depart the Abyss, Bend Space, Banish, Corrupt, Renounce
Religion


You were on level 5 of the Dungeon.
You worshipped Lugonu.
Lugonu was greatly pleased with you.
You were very hungry.

You visited 1 branch of the dungeon, and saw 5 of its levels.
You visited the Abyss 1 time.
You also visited: Ossuary.

You collected 224 gold pieces.

Inventory:

Hand Weapons
 a - a +0 war axe (weapon)
 j - a +0 flail
Armour
 g - a +2 pair of gloves (worn)
 o - the +1 ring mail "Ajiewofe" (worn) {-Tele rPois rN+ Str+2}
   (You found it on level 5 of the Dungeon)

   It affects your strength (+2).
   It protects you from poison.
   It protects you from negative energy.
   It prevents most forms of teleportation.
Jewellery
 f - a ring of stealth (left hand)
Scrolls
 d - a scroll of enchant weapon
 h - 3 scrolls of identify
 i - a scroll of enchant armour
Potions
 b - 2 potions of lignification
 k - 8 potions of curing
 l - a potion of flight
 m - a potion of magic
 n - a potion of agility
 p - 3 potions of heal wounds
 q - 2 potions of brilliance {unknown}
Comestibles
 c - 11 rations


   Skills:
 + Level 5.2 Fighting
 * Level 7.0 Axes
 + Level 4.5 Armour
 + Level 3.2 Dodging
 + Level 4.2 Invocations


You had 7 spell levels left.
You didn't know any spells.

Dungeon Overview and Level Annotations

Branches:
Dungeon (5/15)             Temple (0/1) D:5

Altars:
Ashenzari
Hepliaklqana
Ru
Sif Muna
Vehumet
Wu Jian
The Shining One

Annotations:
D:2 Sigmund
D:5 Menkaure


Innate Abilities, Weirdness & Mutations

You cannot be hasted, slowed, berserked, paralysed or teleported.
You can dig through walls and to a lower floor.
Your four strong arms can wield two-handed weapons with a shield.
You have a pair of large antennae on your head. (SInv)


Message History

The crimson imp barely misses you.
You barely miss the crimson imp.
The crimson imp is lightly wounded.
The crimson imp barely misses you.
You miss the crimson imp. The crimson imp barely misses you.
The crimson imp blinks!
You slash the crimson imp!
The crimson imp is heavily wounded.
The crimson imp hits you but does no damage.
You hit the crimson imp.
The crimson imp is severely wounded.
The crimson imp blinks!
Health restored: 62 You closely miss the crimson imp.
The crimson imp is severely wounded.
The crimson imp blinks!
You miss the crimson imp.
The crimson imp is heavily wounded.
The crimson imp hits you but does no damage.
You slash the crimson imp!
You kill the crimson imp!
Lugonu accepts your kill.
Your Axes skill increases to level 7!
p - 3 potions of heal wounds (gained 1)
You open the door.
All of the chunks of flesh in your inventory have rotted away.
Found a stone staircase leading up.
There is a stone staircase leading up here.
Found a helmet.
No target in view!
No target in view!
No target in view!
You are feeling hungry.
o - an encrusted ring mail A giant cockroach comes into view.
The giant cockroach barely misses you.
You slash the giant cockroach!
You kill the giant cockroach!
Lugonu accepts your kill.
No target in view!
No target in view!
Wear which item? (? for menu, Esc to quit)
You start removing your armour.
You continue taking off your +1 ring mail. x4
You finish taking off your +1 ring mail.
You start putting on your armour.
You continue putting on your encrusted ring mail. x5
You finish putting on the +1 ring mail "Ajiewofe" {-Tele rPois rN+ Str+2}.
Drop what? 17/52 slots (_ for help) (? for menu, Esc to quit)
You drop a +1 ring mail.
The killer bee zombie is too close now for your liking.
A killer bee zombie is nearby!
A killer bee zombie is nearby!
No target in view!
No target in view!
No target in view!
Found a deep blue altar of Sif Muna.
No target in view!
You sense a monster nearby.
No target in view!
No target in view!
Things that are here:
a leather armour; a dagger; a ring mail You see here a mace.
You are feeling very hungry.
You see here a mace.
Things that are here:
a leather armour; a dagger; a ring mail You sense a monster nearby.
No target in view!
No target in view!
You sense a monster nearby.
Menkaure, Prince of Dust comes into view.
Menkaure shouts!
Menkaure is nearby!
Menkaure casts a spell.
Menkaure seems to speed up.
Menkaure gestures at you while chanting.
Pain shoots through your body!
You take 7 damage, and have 55/62 hp.
You hit Menkaure.
Menkaure is lightly damaged.
Menkaure calls on the powers of darkness!
Your body is wracked with pain!
Menkaure hits you but does no damage.
You take 23 damage, and have 32/62 hp.
MASSIVE DAMAGE!!
You are too injured to fight recklessly!
You are too injured to fight recklessly!
You are too injured to fight recklessly!
You hit Menkaure but do no damage.
Menkaure is lightly damaged.
Menkaure misses you.
You hit Menkaure.
Menkaure is moderately damaged.
Menkaure hits you!!
* * * LOW HITPOINT WARNING * * *
You take 20 damage, and have 13/62 hp.
MASSIVE DAMAGE!!
Press: ? - help, Shift-Dir - straight line, f - Menkaure
Aim: Menkaure (moderately damaged, fast, chance to defeat MR: 83%)
You fail to use your ability.
Menkaure hits you!
You die...

##### ## #....
#.# #.###
#####.# ## #.#
#..M@###.# #.#
#.###.#.# #.#
##.# ##.###
#.# #...(. #.#
#..###
#.#########..#
#.#..........#
#.#.######...#
#.#.##.......#


You could see Menkaure.

Vanquished Creatures
  An ice beast (D:5)
  A centaur (D:5)
  2 elf zombies (Ossuary)
  2 scorpions
  The ghost of newuser the Poker, a weakling OpAK of Lugonu (D:3)
  2 centaur zombies (Ossuary)
  3 crimson imps
  A hound (D:5)
  An iguana (D:3)
  An iron imp (Abyss:1)
  3 worker ants
  3 ogre zombies (Ossuary)
  A hound zombie (D:5)
  A hound skeleton (D:5)
  7 mummies (Ossuary)
  5 gnolls
  4 adders
  9 adder zombies (Ossuary)
  4 worms
  A dart slug (D:3)
  2 leopard geckos
  7 orcs
  6 giant cockroaches
  7 goblins
  13 hobgoblins
  9 jackals
  2 quokkas (D:4)
  A ball python (D:2)
  9 bats
  7 frilled lizards
  2 goblin zombies (Ossuary)
  4 hobgoblin zombies (Ossuary)
  11 kobolds
  2 kobold zombies (Ossuary)
  A leopard gecko skeleton (D:4)
  An orc zombie (Ossuary)
  3 quokka zombies (Ossuary)
  4 rats
  2 rat zombies (Ossuary)
146 creatures vanquished.

Notes
Turn   | Place    | Note
-------+----------+-------------------------------------------
     0 | Abyss:1  | Monsterracer the Formicid Abyssal Knight began the quest for the Orb.
     0 | Abyss:1  | Reached XP level 1. HP: 18/18 MP: 2/2
    35 | Abyss:1  | Found a corrupted altar of Lugonu.
    96 | Abyss:1  | Noticed an iron imp
   118 | Abyss:1  | Killed an iron imp
   118 | Abyss:1  | Reached skill level 3 in Axes
   118 | Abyss:1  | Reached XP level 2. HP: 17/24 MP: 3/3
   118 | Abyss:1  | Reached XP level 3. HP: 21/29 MP: 4/4
   120 | D:1      | Escaped the Abyss
   634 | D:1      | Reached skill level 4 in Axes
   634 | D:1      | Reached XP level 4. HP: 31/35 MP: 5/5
   670 | D:1      | Reached ** piety under Lugonu
   911 | D:2      | Found a sacrificial altar of Ru.
  1018 | D:2      | HP: 17/35 [scorpion (8)]
  1023 | D:2      | HP: 9/35 [poisoned by a scorpion]
  1028 | D:2      | HP: 8/35 [poisoned by a scorpion]
  1035 | D:2      | HP: 6/35 [poisoned by a scorpion]
  1043 | D:2      | HP: 5/35 [poisoned by a scorpion]
  1320 | D:2      | HP: 17/35 [worm (4)]
  1607 | D:2      | HP: 17/35 [bat (1)]
  1612 | D:2      | HP: 14/35 [poisoned by an adder]
  1614 | D:2      | Reached skill level 1 in Dodging
  1617 | D:2      | HP: 9/35 [hobgoblin/club (1)]
  1623 | D:2      | HP: 7/35 [poisoned by an adder]
  1964 | D:2      | Noticed Sigmund
  2177 | D:2      | Reached XP level 5. HP: 33/41 MP: 6/6
  2206 | D:2      | HP: 20/41 [poisoned by a scorpion]
  2404 | D:2      | HP: 20/41 [Sigmund/scythe of protection (5)]
  2408 | D:2      | HP: 9/41 [Sigmund/magic dart (6)]
  2753 | D:3      | Reached skill level 5 in Axes
  2761 | D:3      | Reached XP level 6. HP: 28/48 MP: 7/7
  2792 | D:3      | Found a glowing golden altar of the Shining One.
  2793 | D:3      | Found a radiant altar of Vehumet.
  2885 | D:3      | Found an ornate altar of the Wu Jian Council.
  2910 | D:3      | Noticed newuser's ghost (weakling OpAK)
  2924 | D:3      | HP: 23/48 [newuser's ghost (4)]
  2926 | D:3      | Killed newuser's ghost
  3213 | D:3      | HP: 24/48 [iguana (5)]
  3214 | D:3      | Reached *** piety under Lugonu
  3215 | D:3      | HP: 9/48 [iguana (9)]
  3244 | D:3      | HP: 10/48 [iguana (2)]
  3245 | D:3      | HP: 2/48 [iguana (8)]
  3276 | D:3      | HP: 5/48 [iguana (2)]
  3737 | D:3      | Found a shattered altar of Ashenzari.
  4313 | D:3      | HP: 21/48 [worker ant (6)]
  4319 | D:3      | HP: 15/48 [poisoned by a worker ant]
  4327 | D:3      | HP: 15/48 [poisoned by a worker ant]
  4335 | D:3      | HP: 14/48 [poisoned by a worker ant]
  4685 | D:4      | Found a hazy altar of Hepliaklqana.
  5170 | D:4      | Reached XP level 7. HP: 34/54 MP: 8/8
  5185 | D:4      | HP: 27/54 [poisoned by a scorpion]
  5191 | D:4      | HP: 26/54 [crimson imp (1)]
  5759 | D:2      | HP: 26/54 [Sigmund/scythe of protection (6)]
  5900 | D:2      | HP: 27/54 [Sigmund/scythe of protection (6)]
  5903 | D:2      | HP: 8/54 [Sigmund/scythe of protection (9)]
  6349 | D:5      | Entered Level 5 of the Dungeon
  6380 | D:5      | Found a sand-covered staircase.
  6412 | Ossuary  | Entered an ossuary
  6447 | Ossuary  | HP: 27/55 [elf zombie (5)]
  6453 | Ossuary  | HP: 17/55 [elf zombie (6)]
  6460 | Ossuary  | Reached skill level 6 in Axes
  6461 | Ossuary  | HP: 18/55 [adder zombie (1)]
  6962 | Ossuary  | Reached XP level 8. HP: 49/61 MP: 10/10
  6971 | Ossuary  | HP: 21/61 [mummy (13)]
  7403 | Ossuary  | Reached **** piety under Lugonu
  7675 | D:5      | Reached skill level 5 in Fighting
  7803 | D:5      | Found a staircase to the Ecumenical Temple.
  8053 | D:5      | Reached skill level 7 in Axes
  8148 | D:5      | Got an encrusted ring mail
  8186 | D:5      | Identified the +1 ring mail "Ajiewofe" {-Tele rPois rN+ Str+2} (You found it on level 5 of the Dungeon)
  8262 | D:5      | Found a deep blue altar of Sif Muna.
  8348 | D:5      | Noticed Menkaure
  8353 | D:5      | HP: 13/62 [Menkaure (20)]
  8354 | D:5      | Slain by Menkaure

Skill      XL: |  1  2  3  4  5  6  7  8 |
---------------+-------------------------+-----
Axes           | 3 4 5 6 7 |  7.0
Dodging        | 1 2 3 |  3.2
Armour         | 3 4 |  4.5
Fighting       | 4 5 |  5.2
Invocations    | 3 4 |  4.2

Action                   |  1- 3 |  4- 6 |  7- 9 || total
-------------------------+-------+-------+-------++-------
Melee: Hand axe          |    51 |   113 |       ||   164
       War axe           |       |    96 |   336 ||   432
  Use: Scroll            |       |    11 |     8 ||    19
 Stab: Sleeping          |     6 |     3 |     8 ||    17
  Eat: Chunk             |       |    10 |     3 ||    13
       Ration            |       |     1 |     2 ||     3
Armor: Ring mail         |    19 |    79 |   135 ||   233
Dodge: Dodged            |    25 |   120 |   173 ||   318

Vault maps used:
D:1:      moated_graveyard_arrival, kennysheep_another_room
D:2:      nicolae_ru_sacrificial_ziggurat, serial_bayou, serial_bayou_pond_c,
          serial_bayou_pond_b, serial_bayou_lake_a, serial_bayou_shore_b,
          first_ration, makhleb_blood_cavern_becter, uniq_sigmund
D:3:      ashenzari_altar_1, grunt_temple_overflow_open, dk_vineyard_1
D:4:      overflow_temple_1_default
D:5:      lemuel_coloured_pillars_altar, minmay_temple_entry_enclosed_plants,
          nicolae_ossuary_entry_false_entrances, uniq_menkaure
Ossuary:  ossuary_boxes_badplayer
